 Dungeon Crawl Stone Soup version 0.31.0-32-g396128a36d (webtiles) character file.

Game seed: 882324640796533549

291 PriceMaster the Conjurer (level 6, -10/37 HPs)
             Began as an Octopode Conjurer on Apr 25, 2024.
             Mangled by an orc warrior
             ... wielding a +3 flail
              (12 damage)
             ... on level 4 of the Dungeon.
             The game lasted 00:04:17 (4234 turns).

PriceMaster the Conjurer (Octopode Conjurer)        Turns: 4234, Time: 00:04:18

Health: -10/37     AC:  8    Str:  4 (7)  XL:     6   Next: 32%
Magic:  20/20      EV: 13    Int: 21 (22) God:
Gold:   294        SH:  0    Dex: 14 (16) Spells: 10/11 levels left

rFire   x . .        b - +2 dagger (protect)
rCold   + + +        (no shield)
rNeg    . . .        i - +0 hat
rPois   +            e - amulet of the acrobat
rElec   +            f - ring of magical power
rCorr   +            j - ring of ice
SInv    .            p - ring of ice
Will    .....        q - +6 ring of dexterity
Stlth   +++          (no ring)
HPRegen 0.26/turn    (no ring)
MPRegen 0.17/turn    (no ring)
                     (no ring)

%: acrobat
@: mighty, resistant, under a protective aura
A: almost no armour, amphibious, 8 rings, camouflage 1, gelatinous body 1,
(nimble swimmer 1), tentacles
a: no special abilities


You were on level 4 of the Dungeon.
You visited 1 branch of the dungeon, and saw 4 of its levels.

You collected 294 gold pieces.

Inventory:

Hand Weapons
 b - a +2 dagger of protection (weapon)
 r - a +2 spear of flaming
 u - a +1 long sword of protection
Armour
 i - a +0 hat (worn)
Jewellery
 e - an amulet of the acrobat (around mantle)
 f - a ring of magical power (left tentacle)
 j - a ring of ice (right tentacle)
 m - a +6 ring of dexterity
 o - an amulet of faith
 p - a ring of ice (on tentacle)
 q - a +6 ring of dexterity (on tentacle)
 w - an amulet of reflection
Wands
 l - a wand of roots (3)
Scrolls
 c - 6 scrolls of identify {unknown}
 k - a scroll of fear {unknown}
 n - 2 scrolls of enchant armour {unknown}
 s - 2 scrolls of vulnerability {unknown}
 t - a scroll of enchant weapon {unknown}
 v - a scroll of noise {unknown}
Potions
 a - a potion of magic
 d - a potion of might
 g - a potion of attraction


   Skills:
 + Level 0.3 Fighting
 + Level 0.9 Short Blades
 + Level 2.4 Dodging
 + Level 3.6 Stealth
 + Level 0.2 Unarmed Combat
 + Level 3.4 Spellcasting
 + Level 6.0 Conjurations


You had 10 spell levels left.
You knew the following spells:

 Your Spells              Type           Power      Damage    Failure   Level
a - Magic Dart            Conj           100%       1d8       1%          1

Your spell library contained the following spells:

 Spells                   Type           Power      Damage    Failure   Level
 Searing Ray              Conj           58%        2d6       1%          2
 Fulminant Prism          Conj/Alch      8%         3d6       36%         4
 Iskenderun's Mystic Bla  Conj/Tloc      16%        2d5       36%         4
 Arcjolt                  Conj/Air       8%         1d18      71%         5
 Vhi's Electric Charge    Tloc/Air       6%         N/A       77%         4
 Maxwell's Capacitive Co  Air            1%         ∞         100%        8


Dungeon Overview and Level Annotations

Branches:
Dungeon (4/15)
 Temple: D:4-7

Altars:
Ashenzari
Makhleb
Vehumet
Wu Jian

Shops:
D:3 =(*(


Innate Abilities, Weirdness & Mutations

You cannot wear most types of armour.
You are amphibious.
You can wear up to eight rings at the same time.
Your skin changes colour to match your surroundings (Stealth+).
Your rubbery body absorbs attacks. (AC +1, EV +1)
((You are camouflaged when in or above water. (Stealth+)))
You have tentacles for arms and can constrict up to eight enemies at once.


Message History

The orc warrior struggles to escape constriction.
The grasping roots constrict the orc warrior.
The roots release their grip on the orc warrior.
Aiming: Fastroot
Press: ? - help, Shift-Dir - straight line, f/p - orc warrior
Aim: an orc warrior, wielding a +3 flail, wearing a +0 chain mail and wearing a +0 kite shield (moderately wounded)
The roots erupt in riotous growth!
Roots grab the orc warrior.
The grasping roots constrict the orc warrior, but do no damage.
The orc warrior escapes!
The orc warrior attacks as it pursues you!
The orc warrior hits you with a +3 flail!
You barely miss the orc warrior. Your grab misses the orc warrior.
Your squeeze misses the orc warrior.
The orc warrior is moderately wounded.
The orc warrior closely misses you.
You barely miss the orc warrior. You grab the orc warrior.
You squeeze the orc warrior!
The orc warrior is heavily wounded.
You constrict the orc warrior, but do no damage.
The orc warrior hits you with a +3 flail!
You hit the orc warrior.
Your weapon exudes an aura of protection.
You tentacle-slap the orc warrior, but do no damage.
The orc warrior is heavily wounded.
You constrict the orc warrior, but do no damage.
The orc warrior misses you.
You feel better.
You constrict the orc warrior, but do no damage.
The orc warrior hits you with a +3 flail!
* * * LOW HITPOINT WARNING * * *
It was a potion of resistance.
You feel protected.
You constrict the orc warrior.
The orc warrior hits you with a +3 flail!
* * * LOW HITPOINT WARNING * * *
You feel very mighty all of a sudden.
You constrict the orc warrior, but do no damage.
The orc warrior hits you with a +3 flail!
You die...

#.# #.......#§§§§§# #.##
#.........§...# #..##
#.........##### ##..#
#.........#########.# ##.#
#...................#
####.###########.###########
......####### #.#
...........)####o#
.......##.......@#
##.....<..#.######
.#.##..#..#.# .#)##..#..#.#
.#.###.#..#.#
....##.#..#.#######
##..##..<.........#
##..##.#..........#
..................#


You could see an orc warrior.

Vanquished Creatures
  A scorpion (D:4)
  A hound (D:4)
  2 orc priests
  Robin (D:2)
  2 adders
  A dart slug (D:3)
  8 orcs
  5 ball pythons
  3 bats
  9 endoplasms
  2 giant cockroaches
  21 goblins
  7 hobgoblins
  9 jackals
  9 kobolds
  2 quokkas
  3 frilled lizards
  7 rats
93 creatures vanquished.

Notes
Turn   | Place    | Note
-------+----------+-------------------------------------------
     0 | D:1      | PriceMaster the Octopode Conjurer began the quest for the
                  | Orb.
     0 | D:1      | Reached XP level 1. HP: 11/11 MP: 3/3
   172 | D:1      | Reached XP level 2. HP: 11/17 MP: 0/5
  1231 | D:2      | Reached XP level 3. HP: 21/21 MP: 4/6
  1378 | D:2      | Noticed Robin
  1391 | D:2      | Killed Robin
  1402 | D:2      | Reached skill level 5 in Conjurations
  1574 | D:2      | Reached XP level 4. HP: 20/27 MP: 7/7
  2187 | D:3      | Found an ornate altar of the Wu Jian Council.
  2378 | D:3      | Found Hulutish's Assorted Antiques.
  2553 | D:3      | Found Muaczil's Jewellery Shop.
  2776 | D:3      | Reached XP level 5. HP: 31/31 MP: 9/9
  2834 | D:3      | Found Topreh's Antique Weapon Emporium.
  3309 | D:3      | Found Kedoph's Antique Weapon Emporium.
  3551 | D:4      | Found a radiant altar of Vehumet.
  3551 | D:4      | Found a burning altar of Makhleb.
  3800 | D:4      | Reached XP level 6. HP: 7/36 MP: 10/10
  4052 | D:4      | Reached skill level 6 in Conjurations
  4161 | D:4      | Found a broken altar of Ashenzari.
  4210 | D:4      | Noticed an orc warrior
  4233 | D:4      | HP: 1/37 [orc warrior/+3 flail (8)]
  4234 | D:4      | Mangled by an orc warrior

Illustrated notes

Levels and vault maps discovered:
D:1:      lightli_arrival_quake, layout_loops_corners, st_stairs_13
D:2:      layout_loops_ring, uniq_robin
D:3:      corexii_shack_village, layout_basic, nzn_wu_jian_council_hall,
          serial_shops, shop_statue, nicolae_shop_window_shopping,
          nicolae_shop_tiny_real_fake_doors, nicolae_shop_window_shopping,
          st_stairs_1, kennysheep_decorative_pillar, serial_park_tiny_2
D:4:      layout_basic, beargit_hepliaklqana_dungeon_heroes,
          grunt_temple_overflow_lords_of_destruction, marbit_many_paths

Skill      XL: |  1  2  3  4  5  6 |
---------------+-------------------+-----
Stealth        | 3 |  3.6
Conjurations   | 5 6 |  6.0
Spellcasting   | 3 |  3.4
Fighting       | |  0.3
Short Blades   | |  0.9
Dodging        | |  2.4
Unarmed Combat | |  0.2

Action                     |  1- 3 |  4- 6 || total
---------------------------+-------+-------++-------
  Melee: Unarmed           |    12 |       ||    12
         Constrict         |     8 |     6 ||    14
         Tentacles         |     2 |     7 ||     9
         Dagger            |    12 |    28 ||    40
         Punch             |       |     1 ||     1
   Cast: Magic Dart        |    58 |    91 ||   149
  Evoke: Wand              |       |     2 ||     2
    Use: Potion            |       |     7 ||     7
         Scroll            |       |     1 ||     1
 Armour: Skin              |    15 |    28 ||    43
  Dodge: Dodged            |    35 |    12 ||    47
